 Dungeon Crawl Stone Soup version 0.22.1-1-ga44c0e5 (webtiles) character file.

100 Lauz the Magician (level 4, -1/24 HPs)
             Began as a Deep Elf Air Elementalist on Oct 29, 2018.
             Succumbed to a gnoll's poison
             ... on level 2 of the Dungeon.
             The game lasted 00:06:18 (1613 turns).

Lauz the Magician (Deep Elf Air Elementalist)       Turns: 1613, Time: 00:06:18

Health: -1/24      AC:  2    Str:  3 (5)  XL:     4   Next: 46%
Magic:  8/12       EV: 13    Int: 19 (21) God:
Gold:   83         SH:  0    Dex: 14 (15) Spells: 8/11 levels left

rFire    . . .     SeeInvis .   d - +2 dagger (venom)
rCold    . . .     Gourm    .   (no shield)
rNeg     . . .     Faith    .   a - +0 robe
rPois    .         Spirit   .   (no helmet)
rElec    .         Reflect  .   (no cloak)
rCorr    .         Harm     .   (no gloves)
MR       .....                  (no boots)
Stlth    ++........             (no amulet)
HPRegen  0.08/turn              (no ring)
MPRegen  0.13/turn              (no ring)

@: lethally poisoned (-1 -> -24), swift, invisible, quick
A: no striking features
a: no special abilities


You were on level 2 of the Dungeon.
You were hungry.

You visited 1 branch of the dungeon, and saw 2 of its levels.

You collected 83 gold pieces.

Inventory:

Hand Weapons
 d - a +2 dagger of venom (weapon)
Armour
 a - a +0 robe (worn)
 o - a +0 cloak
Scrolls
 e - 2 scrolls of immolation {unknown}
 g - a scroll of identify {unknown}
 j - a scroll of enchant weapon {unknown}
 l - a scroll of teleportation {unknown}
 m - a scroll of fear {unknown}
Potions
 b - a potion of magic {unknown}
 f - a potion of degeneration
 h - a potion of curing {unknown}
 i - a potion of invisibility
 k - a potion of ambrosia {unknown}
 n - a potion of brilliance {unknown}
 p - a potion of resistance
Comestibles
 c - 4 rations


   Skills:
 + Level 2.6 Dodging
 - Level 2.4 Stealth
 * Level 4.2 Spellcasting
 * Level 3.0 Conjurations
 + Level 3.8 Air Magic


You had 8 spell levels left.
You knew the following spells:

 Your Spells              Type           Power        Failure   Level  Hunger
a - Shock                 Conj/Air       ###.         3%          1    None
b - Swiftness             Chrm/Air       ##......     9%          2    #......

Your spell library contained the following spells:

 Spells                   Type           Power        Failure   Level  Hunger
 Static Discharge         Conj/Air       ###.....     10%         3    ###....
 Airstrike                Air            ###.......   26%         4    ####...
 Lightning Bolt           Conj/Air       ###.......   65%         5    ######.


Dungeon Overview and Level Annotations

Branches:
Dungeon (2/15)

Altars:
Dithmenos
Nemelex Xobeh


Message History

Confirm with . or Enter, or press ? or * to list all spells.
You feel quick.
You feel sick. The gnoll misses you.
The gnoll hits you with a whip of venom.
You are more poisoned.
* * * LOW HITPOINT WARNING * * *
You feel sick.
* * * LOW HITPOINT WARNING * * *
You feel sick.
* * * LOW HITPOINT WARNING * * *
You feel sick.
* * * LOW HITPOINT WARNING * * *
You feel sick.
It was a potion of degeneration.
There was something very wrong with that liquid.
You feel weakened.
You feel dopey.
You feel clumsy.
* * * LOW HITPOINT WARNING * * *
You feel sick.
It was a potion of invisibility.
You fade into invisibility!
You die...

....#.###########################
......#...##.............# #
....#.#...##.###########.#### #
.#....#...##......# #....# #
.#.####...##.####.######.##.#####
......'...'.....................#
#######...##.####.######........#
#### #...##.####.######.##.##..#
...# #...##.##.@........##.##...
...# #...#####g####.#....#...)..
##.# #...#####..g........######.
##'####...#.....#.g..............
.............)..+.........#######
...............g####).##.#####
...............g'.g.<........#
................####..##.#####
......).........# #.........#


You could see 3 gnolls.

Vanquished Creatures
  3 gnolls (D:2)
  2 adders (D:2)
  2 dart slugs (D:2)
  A leopard gecko (D:1)
  3 giant cockroaches
  7 goblins
  9 hobgoblins
  4 kobolds
  A quokka (D:2)
  A ball python (D:1)
  5 bats
  5 frilled lizards
  4 rats
47 creatures vanquished.

Notes
Turn   | Place    | Note
-------+----------+-------------------------------------------
     0 | D:1      | Lauz the Deep Elf Air Elementalist began the quest for the
                  | Orb.
     0 | D:1      | Reached XP level 1. HP: 10/10 MP: 6/6
   204 | D:1      | Reached XP level 2. HP: 15/15 MP: 4/8
   488 | D:1      | Found a sparkling altar of Nemelex Xobeh.
   750 | D:1      | Reached XP level 3. HP: 19/19 MP: 7/10
   754 | D:1      | Learned a level 2 spell: Swiftness
  1191 | D:2      | Found a shadowy altar of Dithmenos.
  1295 | D:2      | Reached XP level 4. HP: 13/24 MP: 5/11
  1308 | D:2      | Reached skill level 4 in Spellcasting
  1612 | D:2      | HP: 1/24 [poisoned by a gnoll]
  1613 | D:2      | Succumbed to a gnoll's poison

Skill      XL: |  1  2  3  4 |
---------------+-------------+-----
Conjurations   | 2 3 |  3.0
Spellcasting   | 4 |  4.2
Dodging        | |  2.6
Stealth        | |  2.4
Air Magic      | |  3.8

Action                   |  1- 3 |  4- 6 || total
-------------------------+-------+-------++-------
Melee: Dagger            |     3 |     3 ||     6
 Cast: Shock             |    78 |    24 ||   102
       Swiftness         |     1 |     2 ||     3
  Use: Potion            |       |     2 ||     2
  Eat: Chunk             |       |     1 ||     1
Armor: Robe              |     1 |       ||     1
Dodge: Dodged            |    12 |     3 ||    15
